cohdb
Replays
Latest Replays
All Replays
Popular Replays
Top Player Replays
Match Explorer
How It Works
Community
CoH3 Stats
Reddit
Sign in to upload your games and track your stats! →
Sign in with Steam
Match 44099445
Unlisted
Match 44099445
Overview
Messages
Build Orders
End
Kradschützen Motorcycle Team
Kradschützen Motorcycle Team
Selects Armored Support Battlegroup
250 Light Carrier
Construct Light Support Kompanie
Assault Grenadier Squad
MG34 Team
Panzerjäger Squad
Selects Superior Fire Drills
Selects Salvage Kits
Fire Support Elements
250 Light Carrier
Flakvierling Half-track
Vehicle Survival Package
MG34 Team
Construct Mechanized Kompanie
Pak 38 Anti-tank Gun Team
Selects Flammpanzer III Medium Tank
StuG III D Assault Gun
Selects Panzer Storm
MG34 Team
Willaguy
8===D ~~~
0
0
Comments
sign in to comment!
No comments posted yet!